Workbook
Name de: #REF!
Name dw: #REF!
Name ge: #REF!
Name gr: #REF!
Name ht: #REF!
Name ie: #REF!
Name L起工理由: #REF!
Name L起工理由: #REF!
Name L金額1: #REF!
Name L金額1: #REF!
Name L金額2: #REF!
Name L金額2: #REF!
Name L金額3: #REF!
Name L金額3: #REF!
Name L工事場所: #REF!
Name L工事場所: #REF!
Name L工事日数: #REF!
Name L工事日数: #REF!
Name L工事番号: #REF!
Name L工事番号: #REF!
Name L工事名: #REF!
Name L工事名: #REF!
Name L施行方法: #REF!
Name L施行方法: #REF!
Name L設計説明: #REF!
Name L設計説明: #REF!
Name L提出年月日: #REF!
Name L提出年月日: #REF!
Name L路線河川名: #REF!
Name L路線河川名: #REF!
Name re: #REF!
Name sw: #REF!
Name te: #REF!
Name TEMP_EXPORT_SQL: 本工事内訳書!$A$1:$I$1
Name vf: #REF!
Name コード表清水: #REF!
Name さい: #REF!
Name 印鑑1: #REF!
Name 印鑑1: #REF!
Name 印鑑10: #REF!
Name 印鑑10: #REF!
Name 印鑑2: #REF!
Name 印鑑2: #REF!
Name 印鑑3: #REF!
Name 印鑑3: #REF!
Name 印鑑4: #REF!
Name 印鑑4: #REF!
Name 印鑑5: #REF!
Name 印鑑5: #REF!
Name 印鑑6: #REF!
Name 印鑑6: #REF!
Name 印鑑7: #REF!
Name 印鑑7: #REF!
Name 印鑑8: #REF!
Name 印鑑8: #REF!
Name 印鑑9: #REF!
Name 印鑑9: #REF!
Name 宇都: #REF!
Name 横浜: #REF!
Name 会計: #REF!

Sheet 総括表（逗子市）
A2: 令和８年度 | I2: 工事番号 | AP2: 課長 | AV2: 係長 | BB2: 審査 | BH2: 設計
A3: 一般会計
A4: 工事名 | I4: 史跡名越切通まんだら堂やぐら群C群整備工事
A6: 文化財名 | I6: 史跡名越切通 | AK6: 工事場所 | AU6: 逗子市小坪７丁目地内
A8: 予算科目 | I8: １ 一般会計 | P8: ９ 教育費 | W8: ４ 社会教育費 | AD8: １ 社会教育 総務費 | AK8: ４ 文化財 保護費 | AS8: ５ 名越切通 整備事業 | AZ8: 15 工事請負費 | BG8: 1 工事請負費
A10: 請負工事費計
A11: 工事価格
A12: 消費税相当額
A13: 設計説明 | I13: 工事内容 ・資材運搬工 1式 ・造成工 1式 ・除草工 1式 ・園路広場工 1式 ・管理施設工 1式
A19: 工事施工方法 | I19: 請負 | Y19: 工事日数

Sheet 本工事内訳書
A1: 費目 | B1: 工種 | C1: 種別 | D1: 形状寸法 | E1: 単位 | F1: 数量 | G1: 単価 | H1: 金額 | I1: 摘要
C2: =内訳!C5 -> 資材運搬工 | E2: 式 | F2: 1 | I2: =内訳!L3 -> 1
C3: =内訳!C53 -> 造成工 | E3: 式 | F3: 1 | I3: =内訳!L51 -> 2
C4: =内訳!C77 -> 除草工 | E4: 式 | F4: 1 | I4: =内訳!L75 -> 3
C5: =内訳!C101 -> 園路広場工 | E5: 式 | F5: 1 | I5: =内訳!L99 -> 4
C6: =内訳!C125 -> 管理施設工 | E6: 式 | F6: 1 | I6: =内訳!L123 -> 5
C8: 直接工事費計
C10: 共通仮設費 | E10: 式 | F10: 1
B11: 純工事費
C12: 現場管理費 | E12: 式 | F12: 1
B13: 工事原価
C14: 一般管理費 | E14: 式 | F14: 1
B15: 工事価格
C17: 消費税及び地方消費税相当額 | D17: 0.1 | E17: 式 | F17: 1
A18: 請負工事費計
H113: =内訳!K198 -> 0

Sheet 内訳
I3: 【 内 訳 書 】 | L3: 1
A4: 名 称 ／ 規 格・寸 法 | H4: 単位 | I4: 数 量 | J4: 単 価 | K4: 金 額 | L4: 摘 要
C5: 資材運搬工
E6: L=312.8m | H6: 式 | I6: 1
C7: 人肩運搬（積込・運搬・取卸）20ｍ
E8: 粘性土・砂・砂質土・レキ質土 | H8: ｍ３ | I8: 5.1
C9: 人肩運搬（積込・運搬・取卸）100ｍ
E10: 粘性土・砂・砂質土・レキ質土 | H10: ｍ３ | I10: 5.1
C11: 人肩運搬（積込・運搬・取卸）200ｍ
E12: 粘性土・砂・砂質土・レキ質土 | H12: ｍ３ | I12: 5.1
C13: 人肩運搬（積込・運搬・取卸）20ｍ
E14: 栗石・クラッシャラン | H14: ｍ３ | I14: 1.7
C15: 人肩運搬（積込・運搬・取卸）100ｍ
E16: 栗石・クラッシャラン | H16: ｍ３ | I16: 1.7
C17: 人肩運搬（積込・運搬・取卸）200ｍ
E18: 栗石・クラッシャラン | H18: ｍ３ | I18: 1.7
C19: 人肩運搬（積込・運搬・取卸）20ｍ
E20: セメント・鋼材・木材・二次製品 | H20: ｔ | I20: 0.97
C21: 人肩運搬（積込・運搬・取卸）100ｍ
E22: セメント・鋼材・木材・二次製品 | H22: ｔ | I22: 0.97
C23: 人肩運搬（積込・運搬・取卸）200ｍ
E24: セメント・鋼材・木材・二次製品 | H24: ｔ | I24: 0.97
I27: 【 内 訳 書 】
A28: 名 称 ／ 規 格・寸 法 | H28: 単位 | I28: 数 量 | J28: 単 価 | K28: 金 額 | L28: 摘 要
C29: ２ｔトラック土砂運転 | E29: ２ｔ車両土砂運搬
E30: 人力積込、DID区間あり、運搬距離14㎞以下 | H30: ｍ３ | I30: 5.1
C31: =代価!B49 -> 0
C39: =代価!B57 -> 0
I51: 【 内 訳 書 】 | L51: 2
A52: 名 称 ／ 規 格・寸 法 | H52: 単位 | I52: 数 量 | J52: 単 価 | K52: 金 額 | L52: 摘 要
C53: 造成工
H54: 式 | I54: 1
C55: 盛土
E56: 人力 | H56: ｍ３ | I56: 5.3
C57: 切土
E58: 人力 | H58: ｍ３ | I58: 0.4
C59: 床掘り
E60: 人力 | H60: ｍ３ | I60: 2.5
C61: 埋戻し
E62: 人力 | H62: ｍ３ | I62: 2.7
C63: 不足土購入
E64: 埋戻し用材（土のう用土砂購入含む） | H64: ｍ３ | I64: 5.1
C65: 土のう積み工 | L65: 第１号 代価表
E66: 土砂購入含まず | H66: 袋 | I66: 9
I75: 【 内 訳 書 】 | L75: 3
A76: 名 称 ／ 規 格・寸 法 | H76: 単位 | I76: 数 量 | J76: 単 価 | K76: 金 額 | L76: 摘 要
C77: 除草工
H78: 式 | I78: 1
C79: 除草（草刈り）
H80: ｍ２ | I80: 61.6
I99: 【 内 訳 書 】 | L99: 4
A100: 名 称 ／ 規 格・寸 法 | H100: 単位 | I100: 数 量 | J100: 単 価 | K100: 金 額 | L100: 摘 要
C101: 園路広場工
H102: 式 | I102: 1
C103: 竹繊維入り土系舗装 | L103: 第２号 代価表
E104: 表層t30＋砕石路盤t100 | H104: ｍ２ | I104: 15.2
C105: 竹繊維入り土系舗装運送費
H106: 日 | I106: 1
C107: =代価!B47 -> 階段－1 | L107: 第３号 代価表
H108: 式 | I108: 1
I123: 【 内 訳 書 】 | L123: 5
A124: 名 称 ／ 規 格・寸 法 | H124: 単位 | I124: 数 量 | J124: 単 価 | K124: 金 額 | L124: 摘 要
C125: 管理施設工
H126: 式 | I126: 1
C127: =代価!B69 -> 転落抑制柵 | L127: 第４号 代価表
E128: L=15.6m＋管理用出入口 | H128: 式 | I128: 1
E129: =代価!B113 -> 進入防止柵 83号やぐら前 L＝3.8ｍ | L129: 第５号 代価表
H130: 式 | I130: 1
C131: =代価!B135 -> 進入防止柵 84号やぐら前 L＝2.5ｍ | L131: 第６号 代価表
H132: 式 | I132: 1
C133: =代価!B157 -> 進入防止柵 85号やぐら前 L＝1.0ｍ | L133: 第７号 代価表
H134: 式 | I134: 1

Sheet 代価
B3: 土のう積み工（側面並べ） | G3: 140 | I3: 【 代 価 表 】 | L3: 1
A4: 名 称 ／ 規 格・寸 法 | H4: 単位 | I4: 数 量 | J4: 単 価 | K4: 金 額 | L4: 摘 要
C5: 土のう積み工（側面並べ）
E6: 埋戻し用材含まず | H6: ｍ２ | I6: 10
C7: 合 計
C9: 単位当り
B25: 竹繊維入り土系舗装 | G25: 100 | I25: 【 代 価 表 】 | L25: =L3+1 -> 2
A26: 名 称 ／ 規 格・寸 法 | H26: 単位 | I26: 数 量 | J26: 単 価 | K26: 金 額 | L26: 摘 要
C27: 竹短繊維入り土系舗装
E28: 厚30㎜ | H28: ｍ２ | I28: 100
C29: 人力路盤工
H30: ｍ２ | I30: 100
C31: 合 計
C33: 単位当り
B47: 階段－1 | G47: 1 | I47: 【 代 価 表 】 | L47: =L25+1 -> 3
A48: 名 称 ／ 規 格・寸 法 | H48: 単位 | I48: 数 量 | J48: 単 価 | K48: 金 額 | L48: 摘 要
C49: フトンカゴ階段
E50: 溶接金網 踏面300×蹴上150×幅900 | H50: 式 | I50: 1
C51: 内張材（不織布）C-4
E52: t=4mm(深緑色)0.5×40m巻※現場カット品 | H52: 巻 | I52: 1
C53: フトンカゴ階段
E54: 設置費用 | H54: 式 | I54: 1
C55: 内張材（不織布）C-4
E56: 設置費用 | H56: ｍ２ | I56: 4
C57: 運送費
H58: 台 | I58: 1
C59: 基面整正
H60: ｍ２ | I60: 2.3
C61: 合 計
C63: 単位当り
B69: 転落抑制柵 | G69: 1 | I69: 【 代 価 表 】 | L69: =L47+1 -> 4
A70: 名 称 ／ 規 格・寸 法 | H70: 単位 | I70: 数 量 | J70: 単 価 | K70: 金 額 | L70: 摘 要
C71: 転落抑制柵
E72: 本体 基礎ブロック付 | H72: 式 | I72: 1
C73: 転落抑制柵
E74: 搬入費 | H74: ｍ | I74: 15.6
C75: 転落抑制柵
E76: 取付工事費 | H76: ｍ | I76: 15.6
C77: 砕石基礎工 | L77: 第８号 代価表
H78: ｍ３ | I78: 0.21
C79: 基面整正
H80: ｍ２ | I80: 2.1
C81: 管理用出入口
E82: 本体 | H82: 式 | I82: 1
C83: 管理用出入口
E84: 搬入費 | H84: 箇所 | I84: 1
C85: 管理用出入口
E86: 取付工事費 | H86: 箇所 | I86: 1
I91: 【 代 価 表 】
I92: 数 量 | J92: 単 価 | K92: 金 額
C93: 合 計
C95: 単位当り
B113: 進入防止柵 83号やぐら前 L＝3.8ｍ | G113: 1 | I113: 【 代 価 表 】 | L113: =L69+1 -> 5
A114: 名 称 ／ 規 格・寸 法 | H114: 単位 | I114: 数 量 | J114: 単 価 | K114: 金 額 | L114: 摘 要
C115: 本体
E116: ベースプレート PL-19 φ450 溶融亜鉛メッキの上ウレタン樹脂塗装 | H116: 式 | I116: 1
C117: 搬入費
H118: 式 | I118: 1
C119: 取付工事費
H120: 式 | I120: 1
C121: 合 計
C123: 単位当り
B135: 進入防止柵 84号やぐら前 L＝2.5ｍ | G135: 1 | I135: 【 代 価 表 】 | L135: =L113+1 -> 6
A136: 名 称 ／ 規 格・寸 法 | H136: 単位 | I136: 数 量 | J136: 単 価 | K136: 金 額 | L136: 摘 要
C137: 本体
E138: ベースプレート PL-19 φ450 溶融亜鉛メッキの上ウレタン樹脂塗装 | H138: 式 | I138: 1
C139: 搬入費
H140: 式 | I140: 1
C141: 取付工事費
H142: 式 | I142: 1
C143: 合 計
C145: 単位当り
B157: 進入防止柵 85号やぐら前 L＝1.0ｍ | G157: 1 | I157: 【 代 価 表 】 | L157: =L135+1 -> 7
A158: 名 称 ／ 規 格・寸 法 | H158: 単位 | I158: 数 量 | J158: 単 価 | K158: 金 額 | L158: 摘 要
C159: 本体
E160: ベースプレート PL-19 φ450 溶融亜鉛メッキの上ウレタン樹脂塗装 | H160: 式 | I160: 1
C161: 搬入費
H162: 式 | I162: 1
C163: 取付工事費
H164: 式 | I164: 1
C165: 合 計
C167: 単位当り

Sheet 孫代価
B3: 砕石基礎工 | G3: 10 | I3: 【 代 価 表 】 | L3: =代価!L157+1 -> 8
A4: 名 称 ／ 規 格・寸 法 | H4: 単位 | I4: 数 量 | J4: 単 価 | K4: 金 額 | L4: 摘 要
C5: 特殊作業員
E6: 神奈川県 | H6: 人 | I6: 0.3
C7: 普通作業員
E8: 神奈川県 | H8: 人 | I8: 1.8
C9: 砕石
E10: RC40～0 | H10: ｍ３ | I10: 12
C11: 諸雑費
H12: 式 | I12: 1
C13: 合 計
C15: 単位当り
